Map: Kairos Junction LE

Players

QuipQuop - Winner!

  • Race: Terran Terran
  • League: Platinum
  • Spawn Location: 11:00

pHARM

  • Race: Zerg Zerg
  • League: Platinum
  • Spawn Location: 5:00

VOD

Have the link to the VOD?

Description

Time

  • Played on: Aug. 4, 2019, 1:58 p.m.
  • Length: 10:29
Show
View Real Time Build Order
Export as new Build Order

QuipQuop Terran - Winner!

Build Orders: Reaper Expand 

Get SALT Encoding   

  12  0:00  SCV  
  13  0:13  SCV  
  14  0:17  Supply Depot  
  14  0:25  SCV  
  15  0:38  SCV  
  15  0:40  Barracks  
  16  0:50  SCV  
  16  0:51  Refinery  
  17  1:02  SCV  
  18  1:15  SCV  
  19  1:27  Orbital Command  
  19  1:34  Reaper  
  20  1:42  Command Center  
  20  1:53  SCV, Supply Depot  
  21  2:06  Marine  
  22  2:11  Factory  
  22  2:16  SCV  
  22  2:17  Refinery  
  23  2:28  SCV  
  24  2:33  Barracks Reactor  
  24  2:40  SCV  
  25  2:55  SCV  
  26  3:00  Starport  
  26  3:05  Orbital Command  
  26  3:14  SCV  
  26  3:15  Hellion x2, Barracks Tech Lab  
  31  3:26  SCV  
  32  3:36  Hellion  
  32  3:37  Hellion  
  36  3:41  SCV x2  
  36  3:44  Marine  
  36  3:45  Stimpack  
  36  3:47  Starport Reactor  
  39  3:49  Viking  
  39  3:50  Barracks  
  39  3:53  SCV x2  
  43  3:56  Supply Depot  
  43  4:00  Supply Depot  
  43  4:05  SCV  
  43  4:06  SCV  
  45  4:15  Bunker  
  45  4:18  SCV x2  
  45  4:22  Supply Depot  
  45  4:38  SCV x2  
  45  4:42  Refinery  
  45  4:44  Barracks Reactor, Starport Reactor  
  43  4:50  SCV  
  43  4:51  SCV  
  45  5:03  SCV x2  
  47  5:10  Marine  
  46  5:15  SCV, Barracks  
  46  5:17  Engineering Bay  
  47  5:25  Medivac x2  
  47  5:26  SCV  
  47  5:27  SCV  
  53  5:32  Factory Tech Lab  
  53  5:38  SCV  
  53  5:39  SCV  
  55  5:43  Marine x2, Liberator x2  
  55  5:44  Terran Infantry Weapons Level 1, Supply Depot  
  55  5:45  Marine  
  58  5:50  SCV  
  58  5:51  Siege Tank  
  62  6:00  Bunker, Marine x2  
  70  6:06  Marine  
  71  6:13  Command Center  
  71  6:16  Marine x2  
  73  6:18  Marine  
  73  6:21  Refinery  
  73  6:22  SCV x2, Supply Depot  
  76  6:29  Supply Depot  
  76  6:30  Marine, Supply Depot  
  77  6:34  Marine  
  78  6:40  Factory  
  78  6:44  Siege Tank, Marauder, Barracks  
  78  6:45  Marine x2  
  85  6:51  Medivac  
  87  7:05  Engineering Bay  
  87  7:06  Marauder  
  87  7:08  Armory  
  89  7:10  Marine x3  
  89  7:11  Marine  
  93  7:27  Marauder  
  93  7:28  Marine x2  
  93  7:29  Marine  
  98  7:30  Siege Tank  
  101  7:42  Combat Shield  
  101  7:43  Marine  
  102  7:44  Medivac x2  
  102  7:46  Marine x2  
  102  7:49  Marauder  
  109  7:58  Marine  
  101  8:01  Marine  
  101  8:03  Marine  
  93  8:10  Marauder  
  95  8:16  Marine x2  
  95  8:17  Siege Tank  
  95  8:18  Orbital Command  
  95  8:19  Marine  
  98  8:21  Barracks Reactor, Factory Tech Lab  
  98  8:31  Marauder  
  100  8:39  Liberator  
  96  8:41  Marine x3  
  96  8:42  Marine  
  96  8:43  Siege Tank  
  103  8:50  Siege Tank  
  103  8:53  Marauder  
  108  8:59  Marine x4  
  108  9:01  Concussive Shells  
  115  9:12  Orbital Command  
  115  9:14  Marine x2  
  117  9:22  Supply Depot x2  
  117  9:27  Supply Depot  
  117  9:43  Marine x3  
  117  9:44  Marauder  
  122  9:46  Marine x2  
  122  9:47  Marine  
  110  10:01  Marine x3  
  110  10:05  Marauder  
Show
View Real Time Build Order
Export as new Build Order

pHARM Zerg 

Build Orders: Hatch First 

Get SALT Encoding   

  12  0:01  Drone  
  13  0:08  Drone  
  14  0:18  Overlord  
  14  0:24  Drone, Extractor  
  15  0:37  Drone x2  
  17  0:56  Hatchery  
  16  1:01  Drone  
  16  1:02  Drone  
  18  1:17  Spawning Pool  
  17  1:18  Drone  
  17  1:20  Drone  
  19  1:35  Drone  
  20  1:45  Extractor  
  19  1:52  Overlord, Drone  
  20  2:12  Queen  
  20  2:13  Queen  
  20  2:14  Zergling x2  
  26  2:15  Zergling x2  
  26  2:17  Drone  
  27  2:33  Spore Crawler  
  26  2:38  Spore Crawler  
  26  2:59  Drone x6  
  26  3:02  Queen  
  26  3:03  Lair  
  33  3:15  Overlord  
  33  3:16  Drone  
  34  3:37  Overlord  
  34  3:38  Drone x2  
  34  3:39  Drone x4  
  40  3:48  Overlord  
  40  3:49  Drone  
  41  3:57  Evolution Chamber  
  40  4:03  Roach Warren  
  40  4:04  Overlord  
  40  4:05  Drone  
  40  4:06  Drone  
  41  4:11  Extractor x2  
  39  4:19  Evolution Chamber  
  38  4:26  Drone x5  
  38  4:31  Drone x2  
  37  4:37  Drone  
  37  4:38  Drone x2  
  38  4:43  Drone  
  39  4:49  Drone  
  39  4:50  Drone  
  41  5:03  Drone  
  41  5:04  Drone x4  
  45  5:30  Drone x3  
  45  5:32  Glial Reconstitution, Zerg Missile Weapons Level 1  
  48  5:48  Roach x6  
  60  5:52  Hatchery  
  59  5:57  Overlord x2  
  59  6:27  Baneling Nest  
  58  6:38  Roach x5, Baneling Nest  
  58  6:39  Overlord x3  
  67  7:11  Zergling x18  
  67  7:12  Zergling x6  
  79  7:31  Centrifical Hooks  
  79  7:39  Baneling x6  
  79  7:40  Baneling x6  
  75  7:49  Roach x13  
  85  8:11  Drone  
  85  8:12  Drone x8  
  94  8:22  Drone x4  
  94  8:23  Overlord x2  
  98  8:34  Extractor  
  98  8:38  Hydralisk Den  
  74  8:41  Infestation Pit  
  74  8:47  Zergling x16  
  74  8:48  Zergling x8  
  81  8:55  Spine Crawler  
  80  8:59  Spine Crawler  
  80  9:02  Spore Crawler  
  76  9:10  Baneling x19  
  76  9:11  Baneling x2  
  66  9:42  Zergling x4  
  66  9:43  Zergling x10  
  73  9:48  Hatchery  
  58  10:03  Zergling x6  
  53  10:07  Baneling  
  53  10:08  Baneling x7  
Tags
 
Add a new tag
Caveats
  • Supply blocks, unpowered buildings, or Contaminate may cause inaccurate times.
  • Supply counts are checked every 10 seconds.